 Dungeon Crawl Stone Soup version 0.25-a0-424-g80bd347ae0 (webtiles) character file.

Game seed: 10304480818897068740, levelgen mode: deterministic

374 tilp the Gusty (level 6, -1/32 HPs)
             Began as a Tengu Air Elementalist on Jan 22, 2020.
             Killed from afar by an orc wizard (5 damage)
             ... with a magic dart
             ... on level 4 of the Dungeon.
             The game lasted 00:09:20 (3710 turns).

tilp the Gusty (Tengu Air Elementalist)             Turns: 3710, Time: 00:09:21

Health: -1/32      AC:  6    Str:  8    XL:     6   Next: 72%
Magic:  6/12       EV: 14    Int: 17    God:
Gold:   202        SH:  0    Dex: 15    Spells: 2/12 levels left

rFire    . . .     SeeInvis .   a - +1 dagger (venom)
rCold    . . .     Gourm    .   (no shield)
rNeg     . . .     Faith    .   k - +2 leather armour {MR+}
rPois    +         Spirit   .   (helmet restricted)
rElec    .         Reflect  .   n - +0 cloak
rCorr    .         Harm     .   (no gloves)
MR       +....                  (boots unavailable)
Stlth    ++........             (no amulet)
HPRegen  0.10/turn              g - ring of poison resistance
MPRegen  0.13/turn              (no ring)

@: flying quickly and evasively, quick
A: beak, talons 3, able to fly
a: Stop Flying


You were on level 4 of the Dungeon.
You were not hungry.

You visited 1 branch of the dungeon, and saw 4 of its levels.

You collected 202 gold pieces.

Inventory:

Hand Weapons
 a - a +1 dagger of venom (weapon)
Missiles
 j - 5 javelins
 l - 17 boomerangs (quivered)
Armour
 e - a +0 robe
 k - a +2 leather armour of magic resistance (worn)
 n - a +0 cloak (worn)
Magical Staves
 q - an uncursed staff of fire {unknown}
Jewellery
 g - a ring of poison resistance (left hand)
Scrolls
 d - a scroll of blinking {unknown}
 f - a scroll of remove curse
 h - a scroll of holy word {unknown}
 i - a scroll of fear {unknown}
 m - a scroll of noise {unknown}
 o - a scroll of identify
 r - a scroll of teleportation {unknown}
Potions
 b - 2 potions of lignification
 p - a potion of haste {unknown}
Comestibles
 c - 16 rations


   Skills:
 - Level 2.1 Dodging
 - Level 2.0 Stealth
 + Level 3.6 Spellcasting
 - Level 6.0 Conjurations
 - Level 6.0 Air Magic


You had 2 spell levels left.
You knew the following spells:

 Your Spells              Type           Power        Failure   Level  Hunger
a - Shock                 Conj/Air       ###.         1%          1    None
b - Swiftness             Chrm/Air       ##......     11%         2    ##.....
c - Static Discharge      Conj/Air       ###.....     6%          3    ###....
d - Airstrike             Air            ###.......   21%         4    ####...

Your spell library contained the following spells:

 Spells                   Type           Power        Failure   Level  Hunger
 Lightning Bolt           Conj/Air       ###.......   50%         5    ######.
 Hailstorm                Conj/Ice       ##......     56%         4    ####...
 Irradiate                Conj/Tmut      ##........   88%         5    ######.
 Yara's Violent Unravell  Hex/Tmut       #.........   100%        5    ######.
 Starburst                Conj/Fire      ##........   100%        6    #######


Dungeon Overview and Level Annotations

Branches:
Dungeon (4/15)
 Temple: D:4-7

Altars:
Hepliaklqana

Shops:
D:4 :[


Innate Abilities, Weirdness & Mutations

You have a beak for a mouth.
You have claws for feet.
You can fly continuously.


Message History

Reactivating autopickup.
Training target 6.0 for Air Magic reached!
Training target 6.0 for Conjurations reached!
Your Conjurations skill increases to level 6!
Your Air Magic skill increases to level 6!
You feel a bit more experienced. Something hits you.
* * * LOW HITPOINT WARNING * * *
Deactivating autopickup; reactivate with Ctrl-A.
Casting: Shock (safe; 1% risk of failure)
Confirm with . or Enter, or press ? or * to list all spells.
Aiming: Shock (safe; 1% risk of failure)
Press: ? - help, Shift-Dir - straight line Something hits you but does no damage.
There is an open door here.
Things that are here:
a +0 dagger; a +0 robe; an orc corpse You start resting.
A magic dart appears from out of thin air!
The magic dart hits you.
You die...

#.# #....... #.#
#.##....... ##+#.##
#.##....... .)...
..##....... ##†#.#
#.##....... #..#.#
#.##....... #..).+
#.##.....>.
####.####.####.##.......
.......@.(.....##.......
##############.#........
#.)(####### #####


There were no monsters in sight!

Vanquished Creatures
  4 orc priests
  An orc wizard (D:4)
  2 hound zombies
  7 adders
  An ooze (D:2)
  An adder zombie (D:3)
  3 worms (D:2)
  2 leopard geckos
  14 orcs
  4 ball pythons
  5 giant cockroaches
  11 goblins
  8 hobgoblins
  9 jackals
  A ball python skeleton (D:3)
  9 bats
  7 frilled lizards
  7 kobolds
  A leopard gecko skeleton (D:3)
  A leopard gecko zombie (D:3)
  A quokka skeleton (D:4)
  12 rats
111 creatures vanquished.

Notes
Turn   | Place    | Note
-------+----------+-------------------------------------------
     0 | D:1      | tilp the Tengu Air Elementalist began the quest for the
                  | Orb.
     0 | D:1      | Reached XP level 1. HP: 10/10 MP: 4/4
   342 | D:1      | Reached XP level 2. HP: 15/15 MP: 3/6
   346 | D:1      | Learned a level 2 spell: Swiftness
   621 | D:1      | Identified the Guide on Harmful Transformation
   712 | D:1      | Reached XP level 3. HP: 18/19 MP: 7/7
  1248 | D:2      | Learned a level 3 spell: Static Discharge
  1273 | D:2      | Reached XP level 4. HP: 20/24 MP: 5/8
  1720 | D:2      | Gained mutation: You can fly continuously. [Tengu growth]
  1720 | D:2      | Reached XP level 5. HP: 28/28 MP: 8/10
  2147 | D:3      | Reached skill level 5 in Conjurations
  2233 | D:3      | Reached skill level 5 in Air Magic
  2393 | D:3      | Learned a level 4 spell: Airstrike
  2682 | D:3      | Reached XP level 6. HP: 27/32 MP: 9/11
  2942 | D:3      | Found a hazy altar of Hepliaklqana.
  3219 | D:4      | Found Vasherr's Antique Armour Shoppe.
  3376 | D:4      | Found Lope's Book Shoppe.
  3710 | D:4      | Killed from afar by an orc wizard

Levels and vault maps discovered:
D:1:      saegor_arrival_simple_e, layout_basic, minivault_5
D:2:      layout_loops_ring, minmay_pentomino_pile
D:3:      layout_basic, lemuel_doored_altar, serial_undead, serial_undead_c,
          serial_undead_b, serial_undead_b, serial_undead_d, minmay_vboxes
D:4:      minmay_door_path, layout_basic, serial_shops, shop,
          nicolae_shop_stone, minmay_misc_feat_diagonals, kennysheep_potato

Skill      XL: |  1  2  3  4  5  6 |
---------------+-------------------+-----
Conjurations   | 2 3 4 5 6 |  6.0
Air Magic      | 5 6 |  6.0
Spellcasting   | 3 |  3.6
Dodging        | |  2.1
Stealth        | |  2.0

Action                   |  1- 3 |  4- 6 || total
-------------------------+-------+-------++-------
Melee: Dagger            |    33 |    88 ||   121
       Kick              |     7 |    19 ||    26
       Peck              |     4 |    14 ||    18
 Cast: Shock             |    33 |    86 ||   119
       Airstrike         |       |     1 ||     1
 Abil: Fly               |       |     1 ||     1
  Use: Scroll            |       |     4 ||     4
 Stab: Sleeping          |     1 |     3 ||     4
       Distracted        |       |     1 ||     1
  Eat: Chunk             |     2 |     8 ||    10
Armor: Robe              |    14 |    12 ||    26
       Leather armour    |       |     7 ||     7
Dodge: Dodged            |    35 |    64 ||    99

Table legend:
 A = Non-vault XP
 B = Vault XP
 C = Vault XP percentage of total XP
 D = Non-vault monster count
 E = Vault monster count
 F = Vault count percentage of total count
                 A         B        C        D         E       F
            +---------+---------+-------+---------+---------+-------
      Total |     418 |     117 |  21.9 |      89 |      22 |  19.8
            +---------+---------+-------+---------+---------+-------
        D:1 |      46 |       0 |   0.0 |      27 |       0 |   0.0
        D:2 |     103 |      27 |  20.8 |      33 |       7 |  17.5
        D:3 |     123 |      56 |  31.3 |      22 |      12 |  35.3
        D:4 |     146 |      34 |  18.9 |       7 |       3 |  30.0
            +---------+---------+-------+---------+---------+-------
